 Dungeon Crawl Stone Soup version 0.30-a0-389-g8d7d949f56 (webtiles) character file.

Game seed: 10114466960972462152

1263 bande the Chopper (level 8, -1/49 HPs)
             Began as a Gargoyle Fighter on Dec 4, 2022.
             Was an Initiate of Okawaru.
             Slain by Amaemon
             ... wielding a -1 demon whip of venom
              (10 damage)
             ... on level 8 of the Dungeon.
             The game lasted 00:09:41 (4333 turns).

bande the Chopper (Gargoyle Fighter)                Turns: 4333, Time: 00:09:42

Health: -1/49      AC: 16    Str: 21    XL:     8   Next: 52%
Magic:  8/8        EV:  9    Int:  8    God:    Okawaru [......]
Gold:   323        SH:  4    Dex: 11    Spells: 7/7 levels left

rFire   . . .      SeeInvis .    a - +1 war axe (flame)
rCold   . . .      Faith    .    c - +0 buckler
rNeg    + . .      Spirit   .    b - +0 scale mail
rPois   ∞          Reflect  .    (no helmet)
rElec   +          Harm     .    f - +0 cloak
rCorr   .          Rampage  .    (no gloves)
Will    .....                    d - +1 pair of boots
Stlth   ..........               (no amulet)
HPRegen 0.28/turn                (no ring)
MPRegen 0.11/turn                (no ring)

@: weakened
A: sickness immunity, AC +5, negative energy resistance 1, electricity
resistance, torment resistance 1, petrification resistance
a: Renounce Religion


You were on level 8 of the Dungeon.
You worshipped Okawaru.
Okawaru was noncommittal.
You visited 2 branches of the dungeon, and saw 7 of its levels.

You collected 323 gold pieces.

Inventory:

Hand Weapons
 a - a +1 war axe of flaming (weapon)
Missiles
 q - a throwing net (quivered)
Armour
 b - a +0 scale mail (worn)
 c - a +0 buckler (worn)
 d - a +1 pair of boots (worn)
 f - a +0 cloak (worn)
Jewellery
 j - an amulet of magic regeneration
Wands
 o - a wand of flame (21)
Scrolls
 k - 2 scrolls of blinking
 n - a scroll of fear
 r - a scroll of enchant weapon
Potions
 g - a potion of berserk rage
 h - 2 potions of brilliance
 i - 2 potions of curing
 l - a potion of resistance
 m - a potion of degeneration {unknown}
 p - a potion of might
 s - a potion of haste {unknown}
 u - a potion of flight {unknown}


   Skills:
 + Level 5.3 Fighting
 + Level 6.5 Axes
 + Level 6.1 Armour
 + Level 4.2 Shields
 * Level 0.6 Invocations
 * Level 2.4 Evocations


You had 7 spell levels left.
You didn't know any spells.
Your spell library contained the following spells:

 Spells                   Type           Power      Damage    Failure   Level
 Foxfire                  Conj/Fire      0%         2x1d4     82%         1
 Magic Dart               Conj           0%         1d3       82%         1
 Poisonous Vapours        Pois/Air       0%         N/A       91%         2
 Mephitic Cloud           Conj/Pois/Air  0%         N/A       99%         3
 Fireball                 Conj/Fire      0%         3d3       100%        5
 Starburst                Conj/Fire      0%         6d3       100%        6
 Call Imp                 Summ           Unusable   N/A       N/A         2
 Cigotuvi's Dreadful Rot  Necr/Pois/Air  Unusable   N/A       N/A         2

Dungeon Overview and Level Annotations

Branches:
Dungeon (5/15)             Temple (1/1) D:4

Altars:
Ashenzari
Cheibriados
Dithmenos
Elyvilon
Fedhas
Hepliaklqana
Kikubaaqudgha
Okawaru
Qazlal
Ru
Sif Muna
Uskayaw
Wu Jian
Xom
Zin
The Shining One

Annotations:
D:8 Amaemon


Innate Abilities, Weirdness & Mutations

You are immune to sickness and miasma.
Your stone body is resilient. (AC +5)
You are immune to poison.
You resist negative energy. (rN+)
You are resistant to electric shocks. (rElec)
You are resistant to unholy torment.
You are immune to petrification.


Message History

The orange demon closely misses you.
The orc moves out of view.
You closely miss Amaemon.
Amaemon is lightly wounded.
You hit the orange demon but do no damage.
You hit the scorpion but do no damage.
The scorpion stings you but does no damage.
The orange demon stings you! You block the orange demon's attack.
Amaemon completely misses you. Amaemon claws you. Amaemon tail-slaps you.
You closely miss Amaemon.
Amaemon is lightly wounded.
You hit the orange demon. You burn the orange demon. You hit the scorpion.
You burn the scorpion. You closely miss the scorpion.
The scorpion closely misses you.
The scorpion stings you but does no damage.
The orange demon stings you but does no damage.
The orange demon hits you but does no damage.
Amaemon hits you but does no damage. You block Amaemon's attack.
Amaemon tail-slaps you but does no damage.
You hit Amaemon. You burn Amaemon.
Amaemon is lightly wounded.
You hit the scorpion. You burn the scorpion.
You hit the scorpion but do no damage. You hit the orange demon.
You burn the orange demon.
The scorpion stings you but does no damage. x2
The orange demon barely misses you.
The orange demon hits you but does no damage.
Amaemon hits you with a -1 demon whip of venom.
* * * LOW HITPOINT WARNING * * *
Amaemon claws you.
* * * LOW HITPOINT WARNING * * *
Amaemon tail-slaps you but does no damage.
The scorpion barely misses you. You block the scorpion's attack.
You closely miss Amaemon.
Amaemon is lightly wounded.
You closely miss the scorpion. You hit the scorpion. You burn the scorpion.
You barely miss the orange demon.
The orange demon no longer looks unusually toxic.
You block the orange demon's attack. The orange demon misses you.
Amaemon hits you with a -1 demon whip of venom!
You die...

####....# #....#
....#
##....########
##..## #>.....#
#..# #..#...#
#..# #..#...#
#..# ##.#...###
#.#.....+ +
#.#..####...#
#....@6s.....
#...ss4..?...
.......#.......
#.##.####.#####.
# #. .. # .## .#
.#


You could see Amaemon, an orange demon and 3 scorpions.

Vanquished Creatures
  Sigmund (D:3)
  A water moccasin (D:4)
  An ogre (D:5)
  2 phantoms (D:4)
  A kobold brigand (D:8)
  A bullfrog (D:4)
  3 hounds
  A jelly (D:4)
  3 iguanas (D:5)
  A gnoll bouda (D:8)
  4 orc wizards
  12 gnolls
  6 adders
  A worm (D:3)
  A dart slug (D:4)
  16 orcs
  9 ball pythons
  6 bats
  4 endoplasms
  3 giant cockroaches
  6 goblins
  6 hobgoblins
  27 jackals
  3 quokkas
  4 frilled lizards
  8 kobolds
  6 rats
137 creatures vanquished.

Notes
Turn   | Place    | Note
-------+----------+-------------------------------------------
     0 | D:1      | bande the Gargoyle Fighter began the quest for the Orb.
     0 | D:1      | Reached XP level 1. HP: 14/14 MP: 1/1
   118 | D:1      | Reached XP level 2. HP: 19/19 MP: 2/2
   242 | D:1      | Reached XP level 3. HP: 12/24 MP: 3/3
   808 | D:2      | Reached XP level 4. HP: 23/29 MP: 4/4
  1448 | D:3      | Noticed Sigmund
  1466 | D:3      | Killed Sigmund
  1467 | D:3      | Reached XP level 5. HP: 10/33 MP: 5/5
  1467 | D:3      | Reached XP level 6. HP: 11/38 MP: 6/6
  1634 | D:3      | Identified the +1 battleaxe of Doom {drain, rElec rN+ MP-9
                  | Stlth+}
  1669 | D:3      | HP: 1/38 [gnoll/+0 spear (2)]
  1688 | D:3      | Found an ornate altar of the Wu Jian Council.
  2484 | D:4      | Found a staircase to the Ecumenical Temple.
  2495 | Temple   | Entered the Ecumenical Temple
  2741 | D:4      | Reached skill level 5 in Armour
  2814 | D:4      | Reached XP level 7. HP: 44/44 MP: 7/7
  2829 | D:4      | Reached skill level 5 in Axes
  2996 | D:4      | Found a hide-covered altar of Uskayaw.
  3359 | D:5      | Entered Level 5 of the Dungeon
  3379 | D:4      | Reached skill level 5 in Fighting
  3379 | D:4      | Reached skill level 1 in Evocations
  3397 | D:4      | Reached XP level 8. HP: 46/49 MP: 8/8
  3526 | D:5      | Found a sacrificial altar of Ru.
  4066 | D:5      | You fall into a shaft and drop 3 floors!
  4073 | D:8      | Found an iron altar of Okawaru.
  4105 | D:8      | Became a worshipper of Warmaster Okawaru
  4301 | D:8      | Found a white marble altar of Elyvilon.
  4320 | D:8      | Noticed Amaemon
  4320 | D:8      | Noticed an orange demon
  4333 | D:8      | Slain by Amaemon

Illustrated notes

Levels and vault maps discovered:
D:1:      dpeg_arrival_fog, layout_rooms,
          nicolae_concentric_dashed_squares_wild, chequers_serial_rivers_small_a
D:2:      layout_basic
D:3:      layout_loops_ring, mainiacjoe_overflow_chevrons,
          chequers_serial_rivers_micro_d, uniq_sigmund
D:4:      layout_loops_ring, eat_drink_and_be_merry_uskayaw,
          minmay_temple_entry_offerings, kennysheep_path_1
D:5:      layout_basic, mainiacjoe_overflow_six_doors_small
D:8:      layout_basic, nicolae_elyvilon_peaceful_grove,
          mainiacjoe_overflow_catwalk, enter_bailey_5, uniq_amaemon
Temple:   jpeg_temple_clearing

Skill      XL: |  1  2  3  4  5  6  7  8 |
---------------+-------------------------+-----
Axes           | 2 4 5 6 |  6.5
Armour         | 4 5 6 |  6.1
Fighting       | 4 5 |  5.3
Shields        | 4 |  4.2
Evocations     | 1 2 |  2.4
Invocations    | |  0.6

Action                   |  1- 3 |  4- 6 |  7- 9 || total
-------------------------+-------+-------+-------++-------
Melee: War axe           |   110 |   137 |   153 ||   400
  Use: Scroll            |     5 |     7 |     3 ||    15
       Potion            |       |     2 |       ||     2
Armor: Scale mail        |    88 |    78 |   128 ||   294
Dodge: Dodged            |    56 |    61 |    90 ||   207
Block: Buckler           |    25 |    27 |    42 ||    94

Table legend: (Time is in decaauts)
 A = Elapsed time spent in this place.
 B = Non-inter-level travel time spent in this place.
 C = Inter-level travel time spent in this place.
 D = Time resting spent in this place.
 E = Time spent auto-exploring this place.
 F = Levels seen in this place.
 G = Mean time per level.
                   A        B        C        D        E       F      G
               +--------+--------+--------+--------+--------+-----+--------+
         Total |   4470 |   4377 |     93 |    154 |   3088 |   7 |  638.6 |
       Dungeon |   4330 |   4254 |     76 |    154 |   2978 |   6 |  721.7 |
        Temple |    139 |    122 |     17 |      0 |    110 |   1 |  139.0 |
               +--------+--------+--------+--------+--------+-----+--------+

Top non-repeatable levels by time:
     D:3: 1059 daAuts
     D:4: 876 daAuts
     D:2: 821 daAuts
     D:5: 663 daAuts
     D:1: 637 daAuts
     D:8: 273 daAuts
  Temple: 139 daAuts
